 Seeded DCSS version 0.30-a0-845-g7c6808c8ce (webtiles) character file.

Game seed: 2457308098960037161 (custom seed)

28593 bmack86 the Cleaver (level 13, -2/116 HPs)
             Began as a Minotaur Fighter on Mar 3, 2023.
             Was a High Priest of Okawaru.
             Slain by a 14-headed hydra (4 damage)
             ... on level 2 of the Lair of Beasts.
             The game lasted 00:39:43 (13716 turns).

bmack86 the Cleaver (Minotaur Fighter)             Turns: 13716, Time: 00:39:44

Health: -2/116     AC: 24    Str: 30    XL:     13   Next: 10%
Magic:  11/17      EV:  9    Int:  5    God:    Okawaru [*****.]
Gold:   812        SH: 11    Dex:  9    Spells: 12/12 levels left

rFire   . . .      SeeInvis .    V - +1 war axe (venom)
rCold   . . .      Faith    .    i - +0 kite shield of the Original Sin {+Inv rCorr Str+3}
rNeg    . . .      Spirit   .    E - +8 ring mail of Makhleb's Hope {Stlth+}
rPois   .          Reflect  .    k - +2 hat
rElec   .          Rampage  .    q - +2 cloak {Will+}
rCorr   +                        G - +2 pair of gloves
Will    +....                    (no boots)
Stlth   +                        (no amulet)
HPRegen 0.39/turn                g - +4 ring of slaying
MPRegen 0.15/turn                C - +4 ring of slaying

@: finesse-ful
A: horns 2, retaliatory headbutt
a: Renounce Religion, Evoke Invisibility, Heroism, Finesse, Duel


You were on level 2 of the Lair of Beasts.
You worshipped Okawaru.
Okawaru was extremely pleased with you.
You visited 3 branches of the dungeon, and saw 16 of its levels.

You collected 952 gold pieces.
You spent 140 gold pieces at shops.

Inventory:

Hand Weapons
 a - a +0 war axe of venom
 V - a +1 war axe of venom (weapon)
Missiles
 e - 10 curare-tipped darts
 m - 14 boomerangs (quivered)
 t - 33 poisoned darts
 M - 15 javelins
 N - 3 silver javelins
Armour
 i - the +0 kite shield of the Original Sin (worn) {+Inv rCorr Str+3}
   (You acquired it on level 3 of the Dungeon)

   Str:       It affects your strength (+3).
   +Inv:      It lets you turn invisible.
   rCorr:     It protects you from acid and corrosion.
 k - a +2 hat (worn)
 q - a +2 cloak of willpower (worn)
 z - the -1 cloak of Fiur {rElec rC+ Str+2 Slay-5}
   (You found it on level 8 of the Dungeon)

   Str:       It affects your strength (+2).
   Slay:      It affects your accuracy & damage with ranged weapons and melee
   (-5).
   rC:        It protects you from cold.
   rElec:     It insulates you from electricity.
 E - the +8 ring mail of Makhleb's Hope (worn) {Stlth+}
   (You found it on level 5 of the Dungeon)

   Stlth:     It makes you more stealthy.
 F - a +1 cloak
 G - a +2 pair of gloves (worn)
 K - a +0 plate armour
 Q - the +0 pair of boots "Byus" {rC+ Int+5}
   (Okawaru gifted it to you on level 10 of the Dungeon)

   Int:       It affects your intelligence (+5).
   rC:        It protects you from cold.
Jewellery
 g - a +4 ring of slaying (left hand)
 j - a ring of willpower
 n - a +6 ring of intelligence
 v - a ring of willpower
 w - a +6 ring of intelligence
 y - a ring of positive energy
 C - a +4 ring of slaying (right hand)
 L - a ring of see invisible
 S - a ring of ice
 T - a +6 ring of strength
Wands
 c - a wand of mindburst (7)
 x - a wand of iceblast (12)
 B - a wand of charming (10)
 J - a wand of flame (28)
 P - a wand of digging (5)
Scrolls
 f - a scroll of vulnerability
 h - 3 scrolls of magic mapping
 H - 5 scrolls of teleportation
 I - 2 scrolls of amnesia
 O - a scroll of immolation
 U - 2 scrolls of enchant weapon
 X - 2 scrolls of blinking
Potions
 b - a potion of resistance
 d - 3 potions of might
 l - 3 potions of magic
 o - 10 potions of curing
 p - 4 potions of heal wounds
 r - 3 potions of attraction
 s - 6 potions of brilliance
 u - a potion of ambrosia
 A - a potion of mutation
 D - 2 potions of lignification
 Y - a potion of berserk rage
 Z - 2 potions of invisibility


   Skills:
 + Level 11.0 Fighting
 * Level 14.6 Axes
 + Level 8.7 Throwing
 + Level 11.0 Armour
 + Level 11.0 Shields
 + Level 7.8 Invocations


You had 12 spell levels left.
You didn't know any spells.
Your spell library contained the following spells:

 Spells                   Type           Power      Damage    Failure   Level
 Apportation              Tloc           0%         N/A       83%         1
 Magic Dart               Conj           0%         1d3       83%         1
 Necrotise                Necr           0%         1d4       83%         1
 Momentum Strike          Conj/Tloc      0%         3d8       92%         2
 Inner Flame              Hex/Fire       0%         N/A       99%         3
 Mephitic Cloud           Conj/Pois/Air  0%         N/A       99%         3
 Cause Fear               Hex            0%         N/A       100%        4
 Petrify                  Tmut/Erth      0%         N/A       100%        4
 Metabolic Englaciation   Hex/Ice        0%         N/A       100%        5
 Statue Form              Tmut/Erth      0%         N/A       100%        6
 Discord                  Hex            0%         N/A       100%        8
 Chain Lightning          Conj/Air       0%         N/A       100%        9
 Summon Small Mammal      Summ           Unusable   N/A       N/A         1
 Call Imp                 Summ           Unusable   N/A       N/A         2
 Spellforged Servitor     Conj/Summ      Unusable   N/A       N/A         7

Dungeon Overview and Level Annotations

Branches:
Dungeon (13/15)            Temple (1/1) D:5            Lair (2/5) D:8
    Orc (0/2) D:9          Vaults (0/5) D:13
  Swamp: Lair:2-3    Shoals: Lair:2-3     Snake: Lair:2-3    Spider: Lair:2-3

Altars:
Ashenzari
Cheibriados
Dithmenos
Elyvilon
Fedhas
Gozag
Hepliaklqana
Kikubaaqudgha
Makhleb
Nemelex Xobeh
Okawaru
Qazlal
Ru
Sif Muna
Trog
Uskayaw
Vehumet
Wu Jian
Xom
Yredelemnul
Zin
The Shining One

Shops:
D:11 ?

Annotations:
D:2 1 runed translucent door, Crazy Yiuf
D:4 2 transporters
D:11 3 runed translucent doors, greenreed's ghost, journeyman SpEE


Innate Abilities, Weirdness & Mutations

You have a pair of horns on your head.
You reflexively headbutt those who attack you in melee.


Message History

You block the 12-headed hydra's attack. The 12-headed hydra misses you.
The 12-headed hydra bites you but does no damage.
Your Fighting skill increases to level 11!
Your Shields skill increases to level 11!
You barely miss the 12-headed hydra.
The 12-headed hydra is moderately wounded.
You block the 12-headed hydra's attack. The 12-headed hydra closely misses you.
The 12-headed hydra bites you but does no damage.
The 12-headed hydra closely misses you. The 12-headed hydra barely misses you.
The 12-headed hydra bites you but does no damage.
The 12-headed hydra bites you.
* * * LOW HITPOINT WARNING * * *
The 12-headed hydra barely misses you.
The 12-headed hydra bites you but does no damage.
You block the 12-headed hydra's attack. x2
The 12-headed hydra bites you but does no damage.
You can now deal lightning-fast blows.
The 12-headed hydra bites you.
* * * LOW HITPOINT WARNING * * *
The 12-headed hydra barely misses you.
The 12-headed hydra bites you but does no damage.
You block the 12-headed hydra's attack.
The 12-headed hydra bites you but does no damage.
You block the 12-headed hydra's attack. The 12-headed hydra bites you.
* * * LOW HITPOINT WARNING * * *
The 12-headed hydra bites you but does no damage.
You block the 12-headed hydra's attack. The 12-headed hydra barely misses you.
You block the 12-headed hydra's attack. The 12-headed hydra bites you!
* * * LOW HITPOINT WARNING * * *
You slice one of the 12-headed hydra's heads off!
The 11-headed hydra grows two more!
You slice the 13-headed hydra!!
The 13-headed hydra is heavily wounded.
The ice encasing you melts away.
You lop one of the 13-headed hydra's heads off!
The 12-headed hydra grows two more!
You slice the 14-headed hydra!! You headbutt the 14-headed hydra!!
The 14-headed hydra is almost dead.
The 14-headed hydra bites you but does no damage.
You block the 14-headed hydra's attack. The 14-headed hydra bites you.
You die...

......# #...........
......... ##..........
#.......# #.........#.
P..#+P..# ##.........#
P.....P.# #....##...#
...#....## ####...###..#.
.......$.###..#...##...##
..................###..#
...#P.#.@#........#
.....)..D#####....#
.........# ##..#.#
.........# #......
.........> .........
..#........ >..........
....P...... ............
...#..................#


You could see a 14-headed hydra.

Vanquished Creatures
  Fannar (D:10)
  2 vault guards (D:13)
  2 hydras (Lair:2)
  2 centaur warriors
  A boulder beetle (Lair:2)
  5 two-headed ogres
  A skyshark (Lair:2)
  Amaemon (Lair:1)
  An orc knight (D:13)
  Pikel (D:7)
  A deep elf pyromancer (D:9)
  2 ugly things
  2 cyclopes
  Maurice (D:8)
  2 black mambas (Lair:1)
  3 cane toads (Lair:1)
  An orange demon (Lair:1)
  2 rime drakes (Lair:2)
  2 komodo dragons
  A polar bear (Lair:1)
  A troll (D:10)
  A hornet (D:10)
  7 blink frogs
  Sigmund (D:4)
  5 slime creatures
  A spriggan (Lair:2)
  3 shadows
  2 wraiths (D:10)
  3 wyverns
  A vampire (D:10)
  A basilisk (D:12)
  20 yaks
  A steam dragon (D:10)
  Menkaure (D:4)
  2 vampire mosquitoes (D:12)
  3 acid dragons
  5 water moccasins
  3 orc warriors
  2 black bears
  2 ogres
  An ice beast (D:6)
  A tengu (shapeshifter) (D:10)
  5 centaurs
  A lemure (D:7)
  7 kobold brigands
  14 bullfrogs
  A gnoll sergeant (D:8)
  3 scorpions
  10 wights (D:8)
  8 killer bees
  3 electric eels (D:8)
  6 howler monkeys
  5 hounds
  5 orc priests
  8 iguanas
  4 sleepcaps
  Ijyb (D:4)
  7 orc wizards
  5 gnolls (D:8)
  9 adders
  A shadow imp (D:8)
  2 ufetubi
  3 worms
  6 dart slugs
  26 orcs
  6 ball pythons
  5 endoplasms
  5 giant cockroaches
  5 goblins
  10 hobgoblins
  33 kobolds
  4 quokkas
  4 bats
  3 frilled lizards
  7 rats
  2 bushes (Lair:2)
325 creatures vanquished.

Vanquished Creatures (others)
  3 fungi (Lair:2)
  33 plants
36 creatures vanquished.

Grand Total: 361 creatures vanquished

Notes
Turn   | Place    | Note
-------+----------+-------------------------------------------
     0 | D:1      | bmack86 the Minotaur Fighter began the quest for the Orb.
     0 | D:1      | Reached XP level 1. HP: 19/19 MP: 0/0
   163 | D:1      | Reached XP level 2. HP: 27/27 MP: 1/1
   514 | D:1      | Reached skill level 3 in Axes
   631 | D:2      | Reached skill level 1 in Throwing
   652 | D:2      | Reached XP level 3. HP: 33/33 MP: 2/2
   696 | D:2      | Found a runed translucent door.
   697 | D:2      | Noticed Crazy Yiuf
  1365 | D:3      | Identified a scroll of acquirement
  1365 | D:3      | Acquired the +0 kite shield of the Original Sin {+Inv rCorr
                  | Str+3}
  1413 | D:3      | Reached XP level 4. HP: 40/40 MP: 3/3
  1855 | D:3      | Reached skill level 4 in Axes
  2122 | D:4      | Reached XP level 5. HP: 35/46 MP: 4/4
  2179 | D:4      | Noticed Menkaure
  2188 | D:4      | Noticed Ijyb
  2194 | D:4      | Killed Menkaure
  2195 | D:4      | Reached skill level 5 in Axes
  2195 | D:4      | Reached XP level 6. HP: 7/53 MP: 5/5
  2207 | D:4      | Killed Ijyb
  2548 | D:4      | Reached skill level 5 in Armour
  2674 | D:4      | Noticed Sigmund
  2686 | D:4      | Killed Sigmund
  2687 | D:4      | Reached skill level 5 in Fighting
  2687 | D:4      | Reached skill level 6 in Axes
  2687 | D:4      | Reached skill level 5 in Shields
  2687 | D:4      | Reached XP level 7. HP: 47/61 MP: 6/6
  2751 | D:4      | Found a transporter.
  2756 | D:4      | Found a transporter.
  2972 | D:5      | Entered Level 5 of the Dungeon
  3264 | D:5      | Found a staircase to the Ecumenical Temple.
  3270 | Temple   | Entered the Ecumenical Temple
  3282 | Temple   | Became a worshipper of Warmaster Okawaru
  3660 | D:5      | Identified the +8 ring mail of Makhleb's Hope {Stlth+}
  3815 | D:5      | Reached XP level 8. HP: 70/70 MP: 7/7
  3825 | D:5      | Reached skill level 7 in Axes
  3832 | D:5      | Found a sparkling altar of Nemelex Xobeh.
  4074 | D:5      | Found a broken altar of Ashenzari.
  4165 | D:5      | Reached skill level 1 in Invocations
  4658 | D:6      | Reached * piety under Okawaru
  5199 | D:7      | Noticed a cyclops
  5209 | D:7      | Killed a cyclops
  5209 | D:7      | Reached ** piety under Okawaru
  5210 | D:7      | Reached skill level 8 in Axes
  5210 | D:7      | Reached XP level 9. HP: 53/78 MP: 7/9
  5384 | D:7      | Reached skill level 9 in Axes
  5613 | D:7      | Noticed Pikel
  5623 | D:7      | Killed Pikel
  5623 | D:7      | Reached *** piety under Okawaru
  5624 | D:7      | Reached skill level 5 in Throwing
  5994 | D:7      | Found a bloodstained altar of Trog.
  6022 | D:7      | Found a glowing golden altar of the Shining One.
  6502 | D:8      | Found a radiant altar of Vehumet.
  6590 | D:8      | Reached XP level 10. HP: 84/86 MP: 8/12
  6592 | D:8      | Reached skill level 10 in Axes
  6924 | D:8      | Identified the +0 trident of Irionut {heavy, rF+}
  7156 | D:8      | Noticed Maurice
  7168 | D:8      | Killed Maurice
  7184 | D:8      | Found a staircase to the Lair.
  7766 | D:8      | Identified the -1 cloak of Fiur {rElec rC+ Str+2 Slay-5}
  8375 | D:9      | Noticed a deep elf pyromancer
  8384 | D:9      | Killed a deep elf pyromancer
  8384 | D:9      | Reached **** piety under Okawaru
  8384 | D:9      | Received a gift from Okawaru
  8435 | D:9      | Reached skill level 11 in Axes
  8455 | D:9      | Received a gift from Okawaru
  8595 | D:9      | Reached skill level 5 in Invocations
  8597 | D:9      | Found a staircase to the Orcish Mines.
  8942 | D:10     | Entered Level 10 of the Dungeon
  8942 | D:10     | Found a shimmering altar of Xom.
  8942 | D:10     | Found a shimmering altar of Xom.
  8945 | D:10     | Found a shimmering altar of Xom.
  8945 | D:10     | Found a shimmering altar of Xom.
  8945 | D:10     | Found a shimmering altar of Xom.
  8958 | D:10     | Found a shimmering altar of Xom.
  8959 | D:10     | You fall into a shaft and drop 3 floors!
  8961 | D:13     | Found a gate to the Vaults.
  8961 | D:13     | Noticed a manticore
  8961 | D:13     | Noticed a vault guard
  8961 | D:13     | Noticed an orc knight
  8961 | D:13     | Noticed a vault guard
  8961 | D:13     | Noticed a vault guard
  8961 | D:13     | Noticed a vault guard
  8961 | D:13     | Noticed a purple ugly thing
  8961 | D:13     | Noticed a two-headed ogre
  8967 | D:13     | Noticed a centaur warrior
  8977 | D:13     | Killed a centaur warrior
  8977 | D:13     | Received a gift from Okawaru
  9066 | D:13     | Killed a vault guard
  9067 | D:13     | Reached XP level 11. HP: 63/95 MP: 12/14
  9068 | D:13     | Killed a purple ugly thing
  9083 | D:13     | Killed a vault guard
  9093 | D:13     | Noticed a boulder beetle
  9105 | D:13     | Killed an orc knight
  9270 | D:12     | Reached ***** piety under Okawaru
  9281 | D:12     | Noticed a cyan ugly thing
  9292 | D:12     | Killed a cyan ugly thing
  9292 | D:12     | Received a gift from Okawaru
  9293 | D:12     | Reached skill level 12 in Axes
  9546 | D:11     | Noticed a two-headed ogre
  9551 | D:11     | Killed a two-headed ogre
  9551 | D:11     | Received a gift from Okawaru
  9595 | D:11     | Found Femifiurr's Magic Scroll Emporium.
  9605 | D:11     | Bought a scroll of identify for 28 gold pieces
  9605 | D:11     | Bought a scroll of identify for 28 gold pieces
  9605 | D:11     | Bought a scroll of teleportation for 42 gold pieces
  9605 | D:11     | Bought a scroll of teleportation for 42 gold pieces
  9678 | D:11     | Found a runed translucent gate.
  9678 | D:11     | Found a runed translucent gate.
  9678 | D:11     | Found a runed translucent gate.
  9681 | D:11     | Noticed a nine-headed hydra
  9681 | D:11     | Noticed greenreed's ghost (journeyman SpEE)
  9681 | D:11     | Noticed an 11-headed hydra
  9694 | D:11     | Noticed a two-headed ogre
  9703 | D:11     | Killed a two-headed ogre
 10151 | D:11     | Received a gift from Okawaru
 10617 | D:10     | Got the Catalogue of Damage
 10637 | D:10     | Noticed a two-headed ogre
 10646 | D:10     | Killed a two-headed ogre
 10659 | D:10     | Received a gift from Okawaru
 10678 | D:10     | Reached skill level 13 in Axes
 10678 | D:10     | Reached XP level 12. HP: 52/106 MP: 15/15
 10686 | D:10     | Noticed a centaur warrior
 10695 | D:10     | Killed a centaur warrior
 10695 | D:10     | Identified the +0 pair of boots "Byus" {rC+ Int+5} (Okawaru
                  | gifted it to you on level 10 of the Dungeon)
 10695 | D:10     | Received a gift from Okawaru
 10733 | D:10     | Noticed a two-headed ogre
 10744 | D:10     | Killed a two-headed ogre
 10745 | D:10     | Reached skill level 10 in Armour
 10745 | D:10     | Reached skill level 10 in Shields
 10750 | D:10     | Reached skill level 10 in Fighting
 10980 | D:10     | Noticed a two-headed ogre
 10986 | D:10     | Killed a two-headed ogre
 11110 | D:10     | Noticed Fannar
 11123 | D:10     | Killed Fannar
 11901 | Lair:1   | Entered Level 1 of the Lair of Beasts
 12243 | Lair:1   | Reached skill level 14 in Axes
 12535 | Lair:1   | Identified the +7 falchion "Zucaf" {spect, Str+5}
 13043 | Lair:1   | Noticed Amaemon
 13055 | Lair:1   | Killed Amaemon
 13423 | Lair:2   | Noticed a four-headed hydra
 13423 | Lair:2   | Noticed a boulder beetle
 13430 | Lair:2   | Killed an eight-headed hydra
 13437 | Lair:2   | Killed a boulder beetle
 13553 | Lair:2   | Received a gift from Okawaru
 13554 | Lair:2   | Reached XP level 13. HP: 94/115 MP: 17/17
 13714 | Lair:2   | HP: 1/116 [12-headed hydra (9)]
 13716 | Lair:2   | Slain by a 14-headed hydra

Illustrated notes

Levels and vault maps discovered:
D:1:      nicolae_arrival_somewhat_less_tricky_arrival, layout_rooms
D:2:      layout_loops_cross, uniq_crazy_yiuf_cottage
D:3:      corexii_shack_village, layout_basic
D:4:      layout_rooms, gammafunk_ghost_abyssal_escape, uniq_ijyb,
          uniq_menkaure, uniq_sigmund
D:5:      nicolae_cairo_tiling_large, layout_layer_cave,
          ashenzari_conservatory_becter, mainiacjoe_overflow_catwalk,
          temple_green
D:6:      layout_basic, kennysheep_small_square
D:7:      minmay_opposing_rooms, layout_loops_ring,
          mainiacjoe_overflow_tiny_flanked, lemuel_round_altar,
          minmay_misc_feat_ornament, chequers_serial_rivers_micro_d, uniq_pikel
D:8:      layout_gridville, mainiacjoe_overflow_chevrons, lair_entry_dummy,
          serial_bayou_lake_a, uniq_maurice
D:9:      layout_big_octagon, minmay_orc_entry_temple_small
D:10:     cheibrodos_ideogram_h, layout_irregular_city, xom_redecorated,
          hangedman_decor_riveting, kennysheep_crisscross,
          chequers_serial_rivers_micro_d, uniq_fannar
D:11:     layout_basic, gammafunk_ghost_hydra_chop, serial_shops, shop
D:12:     lemuel_reptile_caves, layout_stronghold, gammafunk_ghost_split,
          minmay_more_statues, uniq_sonja
D:13:     layout_loops_ring, lightli_vaults_fourway_checkpoint,
          grunt_ministairs_7
Temple:   eino_temple_rhombus
Lair:1:   layout_concentric_octagons, grunt_megastairs_1, uniq_amaemon
Lair:2:   layout_chaotic_city, spider_nest_entry_a,
          grunt_forest_large_clearing_hut

Skill      XL: |  1  2  3  4  5  6  7  8  9 10 11 12 13 |
---------------+----------------------------------------+-----
Axes           | 3 4 5 6 8 9 11 13 14 | 14.6
Throwing       | 1 2 3 4 5 6 7 8 |  8.7
Shields        | 4 5 6 7 8 9 10 11 | 11.0
Fighting       | 4 5 6 7 8 9 10 11 | 11.0
Armour         | 4 5 6 7 8 9 10 11 | 11.0
Invocations    | 2 4 5 6 7 |  7.8

Action                     |  1- 3 |  4- 6 |  7- 9 | 10-12 | 13-15 || total
---------------------------+-------+-------+-------+-------+-------++-------
  Melee: War axe           |    70 |   131 |   155 |   429 |    24 ||   809
         Headbutt          |    10 |    14 |    32 |   113 |     6 ||   175
  Throw: Boomerang         |     3 |     4 |     9 |    14 |       ||    30
         Dart              |       |       |       |    11 |       ||    11
 Invoke: Heroism           |       |       |     4 |     9 |     1 ||    14
         Finesse           |       |       |       |     2 |     2 ||     4
Ability: Evoke Invisibilit |       |       |       |     1 |       ||     1
  Evoke: Wand              |       |       |       |     4 |       ||     4
    Use: Scroll            |     5 |       |     5 |    20 |     5 ||    35
         Potion            |       |     2 |       |     4 |       ||     6
   Stab: Distracted        |       |       |       |     1 |       ||     1
 Armour: Scale mail        |    31 |       |       |       |       ||    31
         Chain mail        |    21 |    69 |    19 |       |       ||   109
         Ring mail         |       |       |    78 |   217 |    62 ||   357
  Dodge: Dodged            |    51 |    34 |    75 |   168 |    24 ||   352
  Block: Buckler           |    22 |       |       |       |       ||    22
         Kite shield       |     2 |    55 |   103 |   230 |    45 ||   435

Table legend: (Time is in decaauts)
 A = Elapsed time spent in this place.
 B = Non-inter-level travel time spent in this place.
 C = Inter-level travel time spent in this place.
 D = Time resting spent in this place.
 E = Time spent auto-exploring this place.
 F = Levels seen in this place.
 G = Mean time per level.
                   A        B        C        D        E       F      G
               +--------+--------+--------+--------+--------+-----+--------+
         Total |  13854 |  13386 |    468 |   1671 |   7998 |  16 |  865.9 |
       Dungeon |  11872 |  11460 |    412 |   1671 |   6527 |  13 |  913.2 |
        Temple |    189 |    171 |     18 |      0 |    152 |   1 |  189.0 |
          Lair |   1792 |   1754 |     38 |      0 |   1319 |   2 |  896.0 |
               +--------+--------+--------+--------+--------+-----+--------+

Top non-repeatable levels by time:
     D:8: 1924 daAuts
  Lair:1: 1433 daAuts
    D:10: 1234 daAuts
     D:7: 1207 daAuts
     D:5: 1156 daAuts
    D:11: 1112 daAuts
     D:4: 1045 daAuts
     D:9: 822 daAuts
     D:3: 784 daAuts
     D:2: 774 daAuts
     D:6: 718 daAuts
     D:1: 580 daAuts
  Lair:2: 359 daAuts
    D:12: 346 daAuts
  Temple: 189 daAuts
